Map: Kairos Junction LE

Players

Epic - Winner!

  • Race: Terran Terran
  • League: Grandmaster
  • Spawn Location: 11:00

PiLiPiLi

  • Race: Protoss Protoss
  • League: Master
  • Spawn Location: 5:00

Event: 2019 WCS Winter Americas

VOD

Have the link to the VOD?

Description

Time

  • Played on: Feb. 1, 2019, 1:56 p.m.
  • Length: 10:28

All games in this series

Show
View Real Time Build Order
Export as new Build Order

Epic Terran - Winner!

Build Orders: Gas First Reaper Expand 

Get SALT Encoding   

  12  0:00  SCV  
  13  0:12  SCV  
  14  0:17  Supply Depot  
  14  0:24  SCV  
  15  0:29  Refinery  
  15  0:38  SCV  
  16  0:44  Barracks  
  16  0:50  SCV  
  17  1:02  SCV  
  18  1:15  SCV  
  19  1:31  Reaper, Orbital Command  
  20  1:46  Command Center  
  20  1:58  Factory  
  20  2:00  SCV  
  21  2:06  Barracks Reactor  
  21  2:13  SCV, Bunker  
  22  2:22  Supply Depot  
  22  2:25  SCV  
  22  2:37  SCV  
  22  2:39  Refinery  
  22  2:43  Marine x2  
  25  2:46  Factory Tech Lab  
  25  2:49  SCV  
  26  2:58  Orbital Command  
  26  3:03  SCV  
  26  3:04  Marine x2  
  29  3:13  Cyclone  
  32  3:24  Starport  
  32  3:25  Marine  
  33  3:28  Marine  
  34  3:37  Supply Depot  
  34  3:41  SCV x2  
  36  3:56  Supply Depot  
  36  3:57  Marine x2  
  36  3:58  Siege Tank  
  36  4:01  Starport Tech Lab  
  41  4:14  SCV  
  42  4:23  Marine  
  42  4:24  Raven, Marine  
  44  4:30  SCV  
  44  4:31  Orbital Command  
  47  4:42  SCV  
  47  4:48  Command Center  
  47  4:50  Marine  
  47  4:52  Siege Tank  
  50  5:00  SCV x2  
  50  5:05  Supply Depot  
  52  5:13  SCV x2  
  54  5:21  Barracks  
  54  5:23  Barracks  
  54  5:24  Stimpack  
  54  5:26  SCV  
  54  5:27  SCV  
  56  5:35  Engineering Bay  
  56  5:41  SCV x2  
  58  5:45  Starport Reactor, Factory Reactor, Supply Depot  
  58  5:51  Refinery  
  58  5:52  Engineering Bay  
  58  5:53  SCV x2  
  60  5:59  Orbital Command  
  60  6:01  Terran Infantry Weapons Level 1  
  60  6:05  SCV x2  
  60  6:10  Barracks  
  62  6:14  Barracks  
  62  6:18  Combat Shield  
  62  6:20  SCV x2  
  62  6:25  Widow Mine x2  
  68  6:31  Medivac  
  70  6:33  Supply Depot  
  70  6:35  SCV x3  
  70  6:38  Refinery  
  72  6:41  Medivac  
  72  6:45  Supply Depot  
  74  6:47  Marine x2  
  74  6:48  Marauder  
  74  6:50  Marauder  
  80  6:56  Widow Mine  
  80  6:57  Widow Mine  
  84  7:01  Supply Depot  
  84  7:02  Barracks Tech Lab  
  84  7:04  Barracks Reactor  
  81  7:09  Marauder  
  81  7:10  Marine, Supply Depot  
  81  7:11  Marauder, Marine  
  87  7:18  Widow Mine  
  87  7:19  Widow Mine  
  87  7:22  Medivac, Bunker  
  91  7:29  Medivac  
  95  7:30  Marine x2, Supply Depot  
  95  7:32  Supply Depot  
  95  7:35  Marauder  
  95  7:36  Marauder  
  101  7:38  Concussive Shells  
  101  7:45  Marauder  
  101  7:46  Marine x2  
  101  7:47  Widow Mine  
  101  7:49  Widow Mine  
  108  7:56  Terran Infantry Armor Level 1  
  108  7:58  Marauder  
  110  7:59  Marauder  
  110  8:01  Missile Turret  
  110  8:02  Marine  
  110  8:04  Marine  
  110  8:05  Marine  
  114  8:09  Supply Depot  
  114  8:12  Widow Mine  
  117  8:24  Marauder x2  
  121  8:30  Orbital Command  
  121  8:31  Medivac x2, Widow Mine  
  126  8:40  Marine x4  
  130  8:51  Marauder x3  
  136  8:57  Marine, Supply Depot  
  136  8:58  Marine x3  
  140  9:12  Widow Mine  
  140  9:13  Medivac, Widow Mine  
  140  9:14  Medivac  
  139  9:22  Marauder x3, Marine x2  
  139  9:23  Marine  
  141  9:35  Marine  
  139  9:39  Marine  
  139  9:41  Widow Mine x2  
  139  9:43  Marauder x3  
  128  9:55  Marine  
  128  9:56  Medivac x2, Marine x2  
  128  9:57  Marine  
Show
View Real Time Build Order
Export as new Build Order

PiLiPiLi Protoss 

Build Orders: Archon Immortal 

Get SALT Encoding   

  12  0:00  Probe  
  13  0:12  Probe  
  14  0:18  Pylon  
  14  0:25  Probe  
  15  0:37  Probe, Gateway  
  16  0:44  Assimilator  
  16  0:49  Probe  
  17  0:55  Pylon  
  17  1:01  Probe  
  18  1:13  Probe  
  18  1:14  Gateway  
  19  1:25  Cybernetics Core  
  19  1:26  Probe  
  20  1:34  Zealot  
  22  1:43  Probe  
  23  1:52  Stalker x2  
  23  2:04  Probe  
  23  2:06  Assimilator  
  28  2:09  Warp Gate  
  28  2:16  Stalker  
  28  2:17  Pylon  
  28  2:22  Probe  
  31  2:32  Pylon  
  30  2:50  Stalker, Probe  
  33  3:02  Probe  
  34  3:14  Probe  
  34  3:17  Nexus  
  35  3:24  Twilight Council  
  35  3:30  Pylon  
  35  3:31  Probe  
  36  3:44  Probe  
  36  3:48  Gateway  
  35  3:58  Probe  
  35  4:02  Dark Shrine  
  36  4:05  Stalker  
  38  4:12  Probe  
  38  4:13  Blink  
  39  4:20  Probe, Robotics Facility  
  39  4:29  Probe  
  39  4:31  Probe  
  42  4:43  Probe  
  42  4:44  Probe  
  42  4:48  Assimilator  
  42  4:50  Assimilator  
  42  4:55  Probe  
  42  4:57  Probe, Warp Prism  
  44  5:03  Gateway  
  44  5:07  Probe  
  44  5:09  Probe  
  48  5:14  Dark Templar  
  48  5:15  Dark Templar  
  48  5:19  Probe  
  53  5:25  Probe  
  52  5:29  Pylon  
  52  5:30  Immortal  
  52  5:33  Stalker  
  54  5:42  Probe x2  
  60  5:47  Sentry x2  
  64  5:54  Probe  
  64  5:56  Pylon  
  65  5:58  Probe  
  66  6:09  Immortal  
  70  6:14  Probe, Pylon  
  70  6:15  Dark Templar  
  73  6:28  Charge  
  73  6:30  Nexus  
  73  6:31  Pylon  
  73  6:47  Immortal  
  73  6:49  Stalker x2  
  73  6:51  Zealot  
  79  6:58  Probe  
  79  6:59  Probe  
  85  7:06  Zealot  
  87  7:10  Gateway  
  87  7:11  Gateway  
  87  7:15  Immortal  
  87  7:18  Nexus  
  91  7:37  Dark Templar  
  91  7:41  Pylon  
  91  7:43  Pylon  
  91  7:44  Pylon  
  93  7:54  Immortal  
  93  8:00  Dark Templar x2, Pylon  
  93  8:02  Dark Templar  
  103  8:06  Archon x2  
  103  8:07  Pylon  
  103  8:10  Dark Templar x2  
  107  8:15  Pylon, Archon  
  107  8:17  Probe x2  
  109  8:28  Gateway  
  109  8:29  Gateway  
  109  8:44  Immortal  
  109  8:45  Zealot x6  
  123  9:06  Stalker x3  
  123  9:19  Zealot x3  
  107  9:32  Zealot x3  
  107  9:33  Zealot x2  
  109  9:43  Zealot x3  
  73  9:55  Zealot x5  
Tags
 
Add a new tag
Caveats
  • Supply blocks, unpowered buildings, or Contaminate may cause inaccurate times.
  • Supply counts are checked every 10 seconds.